 Dungeon Crawl Stone Soup version 0.29.1-15-g9cfb28693d (webtiles) character file.

Game seed: 17128408541034068085

515 H0rd4k the Insei (level 7, -6/47 HPs)
             Began as an Octopode Artificer on Apr 12, 2023.
             Was an Initiate of Gozag.
             Mangled by an ice beast (10 damage)
             ... on level 6 of the Dungeon.
             The game lasted 00:04:32 (5799 turns).

H0rd4k the Insei (Octopode Artificer)               Turns: 5799, Time: 00:04:33

Health: -6/47      AC:  1    Str: 17    XL:     7   Next: 20%
Magic:  0/12       EV: 13    Int: 15    God:    Gozag
Gold:   408        SH:  0    Dex: 13    Spells: 12/12 levels left

rFire   . . .      SeeInvis .     - Unarmed
rCold   . . .      Faith    .   (no shield)
rNeg    . . .      Spirit   +   (helmet restricted)
rPois   .          Reflect  .   f - amulet of guardian spirit
rElec   .          Harm     .   u - +6 ring of strength
rCorr   .          Rampage  .   (no ring)
Will    .....                   (no ring)
Stlth   +++.......              (no ring)
HPRegen 0.15/turn               (no ring)
MPRegen 0.13/turn               (no ring)
                                (no ring)
                                (no ring)

@: no status effects
A: almost no armour, amphibious, 8 rings, camouflage 1, gelatinous body 1,
(nimble swimmer 1), tentacles
a: Renounce Religion, Potion Petition, Call Merchant, Bribe Branch


You were on level 6 of the Dungeon.
You worshipped Gozag.
Gozag was aware of your devotion.
You visited 2 branches of the dungeon, and saw 7 of its levels.

You collected 505 gold pieces.
You paid 97 gold pieces to Gozag.

Inventory:

Hand Weapons
 d - a +3 short sword
 k - a +0 dagger of electrocution
Missiles
 v - 5 poisoned darts
Magical Staves
 g - a staff of cold
 h - a staff of earth
 j - a staff of conjuration
Jewellery
 f - an amulet of guardian spirit (around mantle)
 u - a +6 ring of strength (left tentacle)
Wands
 c - a wand of charming (3)
Scrolls
 a - 8 scrolls of identify {unknown}
 m - a scroll of teleportation {unknown}
 p - a scroll of noise {unknown}
 s - 2 scrolls of blinking {unknown}
 t - a scroll of poison {unknown}
 w - a scroll of silence {unknown}
Potions
 e - 3 potions of curing {unknown}
 i - a potion of mutation {unknown}
 l - a potion of might {unknown}
 n - a potion of magic {unknown}
 o - a potion of brilliance {unknown}
 q - a potion of attraction {unknown}
 r - a potion of lignification {unknown}
 x - a potion of haste {unknown}
 z - a potion of heal wounds {unknown}


   Skills:
 * Level 3.8 Fighting
 - Level 2.3 Dodging
 - Level 1.3 Stealth
 + Level 4.6 Unarmed Combat
 * Level 3.3 Spellcasting
 - Level 3.2 Evocations


You had 12 spell levels left.
You didn't know any spells.
Your spell library contained the following spells:

 Spells                   Type           Power      Damage    Failure   Level
 Apportation              Tloc           4%         N/A       19%         1
 Alistair's Intoxication  Tmut/Pois      1%         N/A       99%         5


Dungeon Overview and Level Annotations

Branches:
Dungeon (6/15)             Temple (1/1) D:4

Altars:
Ashenzari
Dithmenos
Elyvilon
Fedhas
Gozag
Hepliaklqana
Kikubaaqudgha
Makhleb
Nemelex Xobeh
Qazlal
Ru
Sif Muna
Trog
Uskayaw
Vehumet
Wu Jian
Zin
The Shining One

Shops:
D:5 *

Annotations:
D:4 exclusion: downstairs


Innate Abilities, Weirdness & Mutations

You cannot wear most types of armour.
You are amphibious.
You can wear up to eight rings at the same time.
Your skin changes colour to match your surroundings (Stealth+).
Your rubbery body absorbs attacks. (AC +1, EV +1)
((You are camouflaged when in or above water. (Stealth+)))
You have tentacles for arms and can constrict up to eight enemies at once.


Message History

You tentacle-slap the ice beast, but do no damage.
The ice beast is moderately wounded.
You completely miss the ice beast. Your squeeze misses the ice beast.
The ice beast is moderately wounded.
The ice beast hits you. The ice beast freezes you!
You tentacle-slap the ice beast but do no damage.
The ice beast is moderately wounded.
The ice beast barely misses you.
You closely miss the ice beast. You squeeze the ice beast.
The ice beast is heavily wounded.
The ice beast hits you. The ice beast freezes you!
You barely miss the ice beast.
The ice beast is heavily wounded.
The ice beast closely misses you.
You tentacle-slap the ice beast but do no damage.
Your squeeze misses the ice beast.
The ice beast is heavily wounded.
The ice beast hits you. The ice beast freezes you!
You tentacle-slap the ice beast. Your squeeze misses the ice beast.
The ice beast is severely wounded.
The ice beast barely misses you.
You barely miss the ice beast.
You tentacle-slap the ice beast, but do no damage.
The ice beast is severely wounded.
The ice beast misses you.
You barely miss the ice beast.
The ice beast is severely wounded.
The ice beast completely misses you.
You bludgeon the ice beast!
You squeeze the ice beast, but do no damage.
The ice beast is almost dead.
The ice beast hits you. The ice beast freezes you!
* * * LOW HITPOINT WARNING * * *
You closely miss the ice beast.
The ice beast is almost dead.
The ice beast hits you.
* * * LOW HITPOINT WARNING * * *
The ice beast freezes you!
You die...
Your body crumbles into a pile of gold.

#..........
#..........
#..........
#..........
#..........
#.......... ###
#..<.......
.....##..##......
.......@.# (...#
.......Y.# .###
....?....# #
.........#
..........
..........#
...........
...........#


You could see an ice beast.

Vanquished Creatures
  An ogre (D:5)
  A scorpion (D:5)
  An orc priest (D:5)
  A gnoll bouda (D:5)
  An orc wizard (D:5)
  Jessica (D:2)
  Terence (D:2)
  An iguana (D:5)
  7 gnolls
  3 adders
  2 dart slugs
  2 orcs
  9 ball pythons
  4 endoplasms
  2 giant cockroaches
  4 hobgoblins
  4 quokkas
  6 bats
  3 frilled lizards
  3 goblins
  3 kobolds
  A rat (D:3)
61 creatures vanquished.

Vanquished Creatures (collateral kills)
  2 gnolls (D:5)
  An orc (D:5)
  2 endoplasms (D:2)
  A goblin (D:2)
  A hobgoblin (D:2)
7 creatures vanquished.

Vanquished Creatures (others)
  2 ogres (D:5)
  7 plants (D:5)
9 creatures vanquished.

Grand Total: 77 creatures vanquished

Notes
Turn   | Place    | Note
-------+----------+-------------------------------------------
     0 | D:1      | H0rd4k the Octopode Artificer began the quest for the Orb.
     0 | D:1      | Reached XP level 1. HP: 13/13 MP: 1/1
   806 | D:1      | Reached XP level 2. HP: 18/18 MP: 2/2
  1115 | D:1      | Found a faded altar of an unknown god.
  1295 | D:1      | Reached skill level 1 in Spellcasting
  1535 | D:2      | Noticed Jessica
  1544 | D:2      | Killed Jessica
  1545 | D:2      | Reached skill level 1 in Unarmed Combat
  1545 | D:2      | Reached XP level 3. HP: 6/24 MP: 0/5
  1545 | D:2      | HP: 1/24 [hobgoblin (5)]
  1551 | D:2      | HP: 1/24 [goblin/+0 club (1)]
  2039 | D:2      | Noticed Terence
  2075 | D:2      | Killed Terence
  2076 | D:2      | Reached XP level 4. HP: 30/30 MP: 5/7
  3072 | D:3      | Reached skill level 2 in Unarmed Combat
  3306 | D:4      | Found a staircase to the Ecumenical Temple.
  3436 | D:4      | Reached XP level 5. HP: 34/35 MP: 8/8
  3795 | Temple   | Entered the Ecumenical Temple
  3896 | Temple   | Became a worshipper of Gozag Ym Sagoz the Greedy
  4001 | D:4      | Found a glowing silver altar of Zin.
  4034 | D:4      | Found an ornate altar of the Wu Jian Council.
  4043 | D:4      | Found an ancient bone altar of Kikubaaqudgha.
  4129 | D:5      | Entered Level 5 of the Dungeon
  4137 | D:5      | Found Tuymn's Assorted Antiques.
  4151 | D:5      | Reached skill level 3 in Unarmed Combat
  4159 | D:5      | Noticed an ogre
  4159 | D:5      | Noticed an ogre
  4160 | D:5      | Noticed an ogre
  4167 | D:5      | Reached XP level 6. HP: 30/42 MP: 6/10
  4371 | D:5      | Found a white marble altar of Elyvilon.
  4424 | D:5      | Reached skill level 4 in Unarmed Combat
  4727 | D:5      | Found the +6 shillelagh "Devastator" {shatter}
  4741 | D:5      | HP: 2/42 [gnoll/+0 flail[a gnoll bouda] (8)]
  5142 | D:5      | Reached XP level 7. HP: 29/47 MP: 6/11
  5799 | D:6      | Mangled by an ice beast

Illustrated notes

Levels and vault maps discovered:
D:1:      psy_arrival_whirlpool, layout_loops_corners,
          shapermc_ecumenical_altar_totnotflames
D:2:      layout_rooms, uniq_terence, uniq_jessica
D:3:      layout_loops_cross
D:4:      layout_basic, zin_statuary, mainiacjoe_overflow_swirl,
          temple_fountains
D:5:      layout_basic, elyvilon_altar_1, serial_shops, shop,
          serial_bayou_pond_a, hangedman_glass_teeth,
          minmay_misc_feat_secret_circle, minmay_misc_feat_alley,
          dilly_guarded_unrand_devastator
D:6:      layout_cave_pods, serial_shops, shop, minmay_ruffians, uniq_duvessa,
          uniq_sigmund, uniq_blork_the_orc
Temple:   regret_index_temple_sphere_string

Skill      XL: |  1  2  3  4  5  6 |
---------------+-------------------+-----
Spellcasting   | 1 2 3 |  3.3
Fighting       | 2 3 |  3.8
Unarmed Combat | 1 2 3 4 |  4.6
Dodging        | |  2.3
Stealth        | |  1.3
Evocations     | |  3.2

Action                   |  1- 3 |  4- 6 |  7- 9 || total
-------------------------+-------+-------+-------++-------
Melee: Unarmed           |    61 |    70 |    26 ||   157
       Constrict         |    20 |    20 |     3 ||    43
       Tentacles         |    10 |    19 |     7 ||    36
       Punch             |     1 |     6 |     3 ||    10
Evoke: Wand              |     9 |    19 |     4 ||    32
 Stab: Sleeping          |    10 |    10 |       ||    20
       Distracted        |       |     1 |       ||     1
Armor: Skin              |     8 |     3 |       ||    11
Dodge: Dodged            |    39 |    59 |    11 ||   109
